 Dungeon Crawl Stone Soup version 0.31-a0-833-gc15d34cb79 (webtiles) character file.

Game seed: 6477327138013531898

19 Bravepunisher the Ducker (level 2, -2/16 HPs)
             Began as a Spriggan Monk on Sept 25, 2023.
             Slain by an ice beast (13 damage)
             ... on level 5 of the Dungeon.
             The game lasted 00:01:23 (491 turns).

Bravepunisher the Ducker (Spriggan Monk)             Turns: 491, Time: 00:01:23

Health: -2/16      AC:  2    Str:  7    XL:     2   Next: 55%
Magic:  3/3        EV: 19    Int: 11    God:
Gold:   35         SH:  0    Dex: 17    Spells: 1/1 levels left

rFire   . . .        a - +0 short sword
rCold   . . .        (no shield)
rNeg    . . .        b - +0 robe
rPois   .            (helmet restricted)
rElec   .            (no cloak)
rCorr   .            (gloves unavailable)
SInv    +            (boots unavailable)
Will    .....        (no amulet)
Stlth   ++           (no ring)
HPRegen 0.22/turn    (no ring)
MPRegen 0.08/turn

%: no passive effects
@: very quick
A: very small, no large weapons, unfitting armour, see invisible, speed 3
a: no special abilities


You were on level 5 of the Dungeon.
You visited 1 branch of the dungeon, and saw 6 of its levels.

You collected 35 gold pieces.

Inventory:

Hand Weapons
 a - a +0 short sword (weapon)
Armour
 b - a +0 robe (worn)
Scrolls
 d - 2 scrolls of revelation {unknown}
 e - 2 scrolls of identify {unknown}
Potions
 c - a potion of ambrosia
 f - a potion of curing {unknown}


   Skills:
 * Level 3.0 Fighting
 - Level 3.2 Short Blades
 + Level 4.4 Dodging


You had one spell level left.
You didn't know any spells.
Your spell library contained the following spells:

 Spells                   Type           Power      Damage    Failure   Level
 Blink                    Tloc           0%         N/A       47%         2
 Manifold Assault         Tloc           0%         N/A       98%         4


Dungeon Overview and Level Annotations

Branches:
Dungeon (6/15)
 Temple: D:4-7

Altars:
Sif Muna

Annotations:
D:4 Pikel


Innate Abilities, Weirdness & Mutations

You are very small and have problems with some larger weapons.
You are too small for most types of armour.
You have supernaturally acute eyesight. (SInv)
You cover ground extremely quickly. (Speed+++)


Message History

Found a stone staircase leading down.
A hobgoblin comes into view.
The hobgoblin shouts!
The hobgoblin moves out of view.
A quokka comes into view.
There is a stone staircase leading down here.
The hobgoblin closely misses you. The goblin hits you with a +0 club.
You climb downwards.
There is a stone staircase leading up here.
You hit the goblin.
You kill the goblin!
Your Fighting skill increases to level 3!
You hit the hobgoblin.
The hobgoblin is heavily wounded.
You hit the hobgoblin but do no damage.
The hobgoblin is heavily wounded.
The hobgoblin hits you.
You closely miss the hobgoblin.
The hobgoblin is heavily wounded.
The hobgoblin misses you.
You hit the hobgoblin.
You kill the hobgoblin!
Things that are here:
a +0 club; a hobgoblin corpse HP restored.
Found a short sword.
Found a stone staircase leading down.
e - 2 scrolls labelled EFOTHRE AD PID (gained 1)
There is a stone staircase leading down here.
You climb downwards.
There is a stone staircase leading up here.
You climb upwards.
There is a stone staircase leading down here.
You open the door.
An ice beast comes into view.
Found a glowing trident.
There is an open door here.
The ice beast attacks as it pursues you!
The ice beast hits you. The ice beast freezes you!
Ouch! That really hurt!
You die...

.....###.###########
............#
......##.##.#######
...#..>..........#
## #######.#######
#.# #.# #######'###
#.#...@.....#
#.....Y.....#
###)........#
#.........#
#.........#
#.........#
#.........#
#.........#
#.........#


You could see an ice beast.

Vanquished Creatures
  An adder (D:2)
  An endoplasm (D:2)
  2 goblins
  2 hobgoblins
  2 ball pythons
  A bat (D:1)
  2 rats
11 creatures vanquished.

Notes
Turn   | Place    | Note
-------+----------+-------------------------------------------
     0 | D:1      | Bravepunisher the Spriggan Monk began the quest for the
                  | Orb.
     0 | D:1      | Reached XP level 1. HP: 11/11 MP: 2/2
   193 | D:2      | Reached XP level 2. HP: 10/16 MP: 3/3
   242 | D:2      | Found a shimmering blue altar of Sif Muna.
   393 | D:4      | Noticed a lemure
   394 | D:4      | Noticed a lemure
   394 | D:4      | Noticed a lemure
   394 | D:4      | Noticed a lemure
   400 | D:4      | Noticed Pikel
   414 | D:4      | Noticed an ogre
   435 | D:5      | Entered Level 5 of the Dungeon
   486 | D:5      | Noticed an ice beast
   491 | D:5      | Slain by an ice beast

Illustrated notes

Levels and vault maps discovered:
D:1:      scummos_arrival_hexagon, layout_loops_ring
D:2:      layout_basic, basic_altar
D:3:      layout_loops_cross, nemelex_spade_bored_becter, uniq_robin,
          uniq_sigmund
D:4:      cheibrodos_thug_alley, layout_rooms, minmay_temple_entry_large_hall,
          serial_bayou_pond_a, uniq_menkaure, uniq_pikel
D:5:      layout_basic, grunt_temple_overflow_order_and_chaos_2,
          mainiacjoe_overflow_catwalk_spiral, mainiacjoe_overflow_tiny_flanked,
          water_boxes_lemuel
D:6:      layout_loops_ring, lemuel_crystal_altar

Skill      XL: |  1  2 |
---------------+-------+-----
Fighting       | 3 |  3.0
Short Blades   | |  3.2
Dodging        | |  4.4

Action                     || total
---------------------------++-------
  Melee: Short sword       ||    33
 Armour: Robe              ||    10
  Dodge: Dodged            ||    23

Table legend: (Time is in decaauts)
 A = Elapsed time spent in this place.
 B = Non-inter-level travel time spent in this place.
 C = Inter-level travel time spent in this place.
 D = Time resting spent in this place.
 E = Time spent auto-exploring this place.
 F = Levels seen in this place.
 G = Mean time per level.
                   A        B        C        D        E       F      G
               +--------+--------+--------+--------+--------+-----+--------+
         Total |    339 |    339 |      0 |      0 |    200 |   6 |   56.5 |
       Dungeon |    339 |    339 |      0 |      0 |    200 |   6 |   56.5 |
               +--------+--------+--------+--------+--------+-----+--------+

Top non-repeatable levels by time:
     D:2: 142 daAuts
     D:1: 108 daAuts
     D:5: 43 daAuts
     D:4: 35 daAuts
     D:3: 7 daAuts
     D:6: 1 daAuts
